 Dungeon Crawl Stone Soup version 0.31-a0-365-gcf821cafb2 (webtiles) character file.

Game seed: 7044923760041360990

3509 Shard1697 the Cleaver (level 9, -2/75 HPs)
             Began as an Armataur Gladiator on July 27, 2023.
             Was an Initiate of Gozag.
             Slain by Grum
             ... wielding a +1 spear of flaming
              (9 damage)
             ... on level 7 of the Dungeon.
             The game lasted 00:09:03 (8812 turns).

Shard1697 the Cleaver (Armataur Gladiator)          Turns: 8812, Time: 00:09:03

Health: -2/75      AC: 10    Str: 22    XL:     9   Next: 81%
Magic:  9/9        EV:  6    Int:  9    God:    Gozag
Gold:   959        SH:  0    Dex: 13    Spells: 8/8 levels left

rFire   . . .        a - +1 war axe
rCold   . . .        (no shield)
rNeg    . . .        k - +0 chain mail
rPois   .            c - +1 helmet
rElec   .            o - +0 cloak
rCorr   .            (no gloves)
SInv    .            (no barding)
Will    .....        (no amulet) Stlth
                     (no ring)
HPRegen 0.32/turn    (no ring)
MPRegen 0.11/turn

%: roll
@: gold aura
A: large, rugged brown scales 3, deformed body, armoured tail, roll, long
tongue, awkward tongue
a: Renounce Religion, Potion Petition, Call Merchant, Bribe Branch


You were on level 7 of the Dungeon.
You worshipped Gozag.
Gozag was pleased with you.
You visited 1 branch of the dungeon, and saw 8 of its levels.

You collected 959 gold pieces.

Inventory:

Hand Weapons
 a - a +1 war axe (weapon)
 b - a +3 flail
Missiles
 m - a javelin
Armour
 c - a +1 helmet (worn)
 k - a +0 chain mail (worn)
 o - a +0 cloak (worn)
Jewellery
 x - a ring of ice
Wands
 g - a wand of iceblast (4)
 l - a wand of paralysis (2)
Scrolls
 j - 2 scrolls of teleportation
 r - 2 scrolls of enchant weapon
 t - a scroll of torment
Potions
 d - 3 potions of might
 e - 5 potions of curing
 f - a potion of brilliance {unknown}
 h - a potion of mutation
 i - a potion of cancellation
 n - 2 potions of magic {unknown}
 q - a potion of haste
 w - a potion of lignification
 z - 3 potions of enlightenment
 A - a potion of invisibility
 B - 2 potions of attraction {unknown}


   Skills:
 + Level 4.2 Fighting
 + Level 11.5 Axes
 - Level 1.7 Throwing
 - Level 2.1 Dodging


You had 8 spell levels left.
You didn't know any spells.
Your spell library contained the following spells:

 Spells                   Type           Power      Damage    Failure   Level
 Summon Small Mammal      Summ           0%         N/A       97%         1
 Ensorcelled Hibernation  Hex/Ice        0%         N/A       99%         2
 Lesser Beckoning         Tloc           0%         N/A       99%         2
 Passwall                 Tmut/Erth      0%         N/A       99%         2
 Call Canine Familiar     Summ           0%         N/A       100%        3
 Gell's Gravitas          Tloc           0%         N/A       100%        3
 Summon Guardian Golem    Hex/Summ       0%         N/A       100%        3
 Swiftness                Air            0%         N/A       100%        3
 Teleport Other           Tloc           0%         N/A       100%        3


Dungeon Overview and Level Annotations

Branches:
Dungeon (8/15)             Temple (0/1) D:4
   Lair: D:8-11

Altars:
Elyvilon
Gozag
Makhleb
Nemelex Xobeh
Yredelemnul
Zin
The Shining One

Shops:
D:1 :   D:3 *

Annotations:
D:6 2 transporters, Shard1697's ghost, novice DrNe
D:7 Grum


Innate Abilities, Weirdness & Mutations

You are completely covered in rugged brown scales. (AC +3, +7% HP)
Armour fits poorly on your strangely shaped body.
You have a long armoured tail.
You roll when moving toward enemies. (Rampage)
Your long tongue fully drains potion bottles. (2x potion effects)
Your tongue gives you trouble enunciating. (1.5x scroll delay)


Message History

The floor.
You barely miss the wolf. The wolf bites you! The wolf bites you.
You miss the wolf. The wolf bites you. The wolf barely misses you.
You slash the wolf! You tail-slap the wolf!
You kill the wolf!
You roll towards Grum!
You barely miss Grum.
Your tail-slap misses Grum.
Grum hits you but does no damage.
Grum hits you with a +1 spear of flaming.
Grum burns you.
You climb upwards.
There is a stone staircase leading down here.
You slash Grum!
Grum is moderately wounded.
Grum hits you with a +1 spear of flaming!
Grum burns you.
You slash Grum! You tail-slap Grum, but do no damage.
Grum is severely wounded.
Grum hits you with a +1 spear of flaming!
Grum burns you.
You closely miss Grum. You tail-slap Grum.
Grum is severely wounded.
Grum barely misses you.
You hit Grum but do no damage.
Grum is severely wounded.
Grum is distracted by your dazzling golden aura.
Grum growls angrily.
You hit Grum.
Grum is no longer distracted by gold.
Grum is severely wounded.
Grum hits you with a +1 spear of flaming!
* * * LOW HITPOINT WARNING * * *
Grum burns you.
* * * LOW HITPOINT WARNING * * *
You hit Grum but do no damage.
Grum is severely wounded.
Grum hits you but does no damage.
You barely miss Grum. You tail-slap Grum.
Grum is almost dead.
Grum hits you with a +1 spear of flaming!
You die...
Your body crumbles into a pile of gold.

####### ######## #.....#
#......######## #.....#######
#......##...#..
#.....#.....####......##......
#.....#.....#@g'......##......
#.....#.....#.##......##...#..
#.....#.....#.##......##...###
#.....#.....#'#####)..##...#
#.....#............).......#
#.....#............).##....###
#..........#.........##......#
####'#####.#.........##......#
#....##.#.........#####....


You could see Grum.

Vanquished Creatures
  A two-headed ogre (D:5)
  A slime creature (D:7)
  Sigmund (D:2)
  A yak (D:7)
  A steam dragon (D:7)
  2 acid dragons (D:7)
  2 water moccasins (D:6)
  An orc warrior (D:7)
  Duvessa (D:7)
  A black bear (D:7)
  A wolf (D:8)
  2 ogres
  A centaur (D:7)
  A phantom (D:6)
  3 scorpions
  A bullfrog (D:7)
  Dowan (D:7)
  4 howler monkeys
  6 hounds
  5 orc priests
  Crazy Yiuf (D:7)
  3 iguanas
  7 orc wizards
  A gnoll (D:1)
  4 adders
  3 white imps
  2 ufetubi
  2 dart slugs
  A worm (D:2)
  17 orcs
  6 ball pythons
  5 bats
  7 endoplasms
  A giant cockroach (D:3)
  7 goblins
  11 hobgoblins
  4 jackals (D:2)
  3 quokkas
  2 frilled lizards
  6 kobolds
  3 rats
133 creatures vanquished.

Notes
Turn   | Place    | Note
-------+----------+-------------------------------------------
     0 | D:1      | Shard1697 the Armataur Gladiator began the quest for the
                  | Orb.
     0 | D:1      | Reached XP level 1. HP: 18/18 MP: 1/1
   174 | D:1      | Reached skill level 3 in Axes
   174 | D:1      | Reached XP level 2. HP: 25/25 MP: 2/2
   240 | D:1      | Found Furchual's Book Emporium.
   449 | D:1      | Reached XP level 3. HP: 31/31 MP: 3/3
   585 | D:1      | You fall into a shaft and drop 1 floor!
  1173 | D:2      | Noticed Sigmund
  1281 | D:2      | Killed Sigmund
  1282 | D:2      | Reached skill level 5 in Axes
  1282 | D:2      | Reached XP level 4. HP: 10/38 MP: 4/4
  1282 | D:2      | Reached XP level 5. HP: 12/43 MP: 5/5
  2113 | D:3      | Reached XP level 6. HP: 9/51 MP: 6/6
  2281 | D:3      | Found Zin's Purification Station.
  2283 | D:3      | Found a glowing silver altar of Zin.
  2337 | D:3      | Found a basalt altar of Yredelemnul.
  2699 | D:3      | Found a faded altar of an unknown god.
  2708 | D:3      | Prayed at the altar of an unknown god.
  2708 | D:3      | Became a worshipper of Gozag Ym Sagoz the Greedy
  3373 | D:4      | Reached skill level 6 in Axes
  3459 | D:4      | Found a staircase to the Ecumenical Temple.
  3863 | D:4      | Found a glowing golden altar of the Shining One.
  4047 | D:5      | Entered Level 5 of the Dungeon
  4350 | D:5      | Reached XP level 7. HP: 43/56 MP: 7/7
  4510 | D:4      | Reached skill level 7 in Axes
  4802 | D:5      | Found a sparkling altar of Nemelex Xobeh.
  4807 | D:5      | Noticed a two-headed ogre
  4817 | D:5      | Killed a two-headed ogre
  4818 | D:5      | Reached skill level 8 in Axes
  4818 | D:5      | Reached XP level 8. HP: 64/64 MP: 8/8
  4820 | D:5      | Found a white marble altar of Elyvilon.
  4993 | D:5      | Reached skill level 9 in Axes
  5002 | D:5      | Identified the +0 mace of Cocytus {antimagic, Int+9}
  5354 | D:5      | Found a burning altar of Makhleb.
  5676 | D:6      | Found a transporter.
  5680 | D:6      | Found a transporter.
  5681 | D:6      | Noticed Shard1697's ghost (novice DrNe)
  6464 | D:7      | Reached skill level 10 in Axes
  6477 | D:7      | Noticed Duvessa
  6478 | D:7      | Reached XP level 9. HP: 41/71 MP: 9/9
  6597 | D:7      | Noticed Dowan
  6608 | D:7      | Killed Duvessa
  6695 | D:7      | Killed Dowan
  7206 | D:7      | Reached skill level 11 in Axes
  8232 | D:7      | Found a runed translucent door.
  8233 | D:7      | Noticed Crazy Yiuf
  8762 | D:7      | Killed Crazy Yiuf
  8797 | D:8      | Noticed Grum
  8812 | D:7      | Slain by Grum

Illustrated notes

Levels and vault maps discovered:
D:1:      wander_arrival_lonely_grave, layout_loops_corners, serial_shops,
          nicolae_shop_waterfront, grunt_decor_clamped, nrook_mini_vaults
D:2:      layout_loops_ring, uniq_sigmund
D:3:      layout_basic, zin_purify, mainiacjoe_overflow_24_doors,
          ebering_ecumenical_altar_rust
D:4:      layout_cave_pools, mainiacjoe_overflow_surrounded_room,
          minmay_temple_entry_wispy
D:5:      layout_loops_ring, makhleb_blood_cavern_becter, minitemple,
          minmay_misc_feat_enclosed
D:6:      layout_loops_ring, gammafunk_ghost_hive, wad_floor_pattern_untrapped
D:7:      nzn_winding_woodlands_medium [nzn_winding_woodlands_5x5_three,
          nzn_winding_woodlands_5x15_pockets,
          nzn_winding_woodlands_5x5_checkerboard,
          nzn_winding_woodlands_hourglass,
          nzn_winding_woodlands_center_triple_pond,
          nzn_winding_woodlands_5x5_open_star,
          nzn_winding_woodlands_5x5_perimeter, nzn_winding_woodlands_5x15_eye,
          nzn_winding_woodlands_5x5_cross], layout_basic,
          uniq_crazy_yiuf_cottage, uniq_duvessa
D:8:      layout_loops_ring, uniq_grum, uniq_erica, uniq_maurice

Skill      XL: |  1  2  3  4  5  6  7  8  9 |
---------------+----------------------------+-----
Axes           | 3 5 6 8 10 11 | 11.5
Fighting       | 4 |  4.2
Throwing       | |  1.7
Dodging        | |  2.1

Action                     |  1- 3 |  4- 6 |  7- 9 || total
---------------------------+-------+-------+-------++-------
  Melee: War axe           |    96 |   120 |   281 ||   497
         Tailslap          |    10 |    15 |    38 ||    63
         Punch             |       |     2 |     5 ||     7
  Throw: Throwing net      |     3 |       |     4 ||     7
    Use: Scroll            |       |    16 |     3 ||    19
         Potion            |       |     1 |     3 ||     4
   Stab: Sleeping          |     1 |       |       ||     1
 Armour: Leather armour    |    15 |       |       ||    15
         Ring mail         |    37 |    63 |    38 ||   138
         Chain mail        |       |       |    66 ||    66
  Dodge: Dodged            |    46 |    65 |    92 ||   203

Table legend: (Time is in decaauts)
 A = Elapsed time spent in this place.
 B = Non-inter-level travel time spent in this place.
 C = Inter-level travel time spent in this place.
 D = Time resting spent in this place.
 E = Time spent auto-exploring this place.
 F = Levels seen in this place.
 G = Mean time per level.
                   A        B        C        D        E       F      G
               +--------+--------+--------+--------+--------+-----+--------+
         Total |   8888 |   8678 |    210 |   1594 |   5690 |   8 | 1111.0 |
       Dungeon |   8888 |   8678 |    210 |   1594 |   5690 |   8 | 1111.0 |
               +--------+--------+--------+--------+--------+-----+--------+

Top non-repeatable levels by time:
     D:7: 2234 daAuts
     D:3: 1209 daAuts
     D:5: 1180 daAuts
     D:6: 1166 daAuts
     D:1: 1149 daAuts
     D:4: 982 daAuts
     D:2: 959 daAuts
     D:8: 7 daAuts
